 Dungeon Crawl Stone Soup version 0.30-a0-121-gb27577e5d9 (webtiles) character file.

Game seed: 11708552063975281828

34 runemasterragnar the Ruffian (level 3, 0/29 HPs)
             Began as a Draconian Transmuter on Sept 14, 2022.
             Slain by a hobgoblin (6 damage)
             ... led by Robin
             ... on level 2 of the Dungeon.
             The game lasted 00:02:02 (1233 turns).

runemasterragnar the Ruffian (Draconian Transmuter) Turns: 1233, Time: 00:02:02

Health: 0/29       AC:  5    Str: 12    XL:     3   Next: 14%
Magic:  6/6        EV: 12    Int: 15    God:
Gold:   55         SH:  0    Dex: 11    Spells: 5/6 levels left

rFire   . . .      SeeInvis .      - Unarmed
rCold   . . .      Faith    .    (no shield)
rNeg    . . .      Spirit   .    (body armour unavailable)
rPois   .          Reflect  .    (helmet restricted)
rElec   .          Harm     .    (no cloak)
rCorr   .          Rampage  .    (no gloves)
Will    .....                    (no boots)
Stlth   +.........               (no amulet)
HPRegen 0.09/turn                (no ring)
MPRegen 0.10/turn                (no ring)

@: slowed, very slow
A: AC +5, unfitting armour, cold-blooded
a: no special abilities


You were on level 2 of the Dungeon.
You visited 1 branch of the dungeon, and saw 2 of its levels.

You collected 55 gold pieces.

Inventory:

Hand Weapons
 g - a +1 short sword of speed
Jewellery
 c - a ring of ice
Scrolls
 e - a scroll of noise {unknown}
 f - a scroll of amnesia {unknown}
 h - a scroll of acquirement {unknown}
Potions
 a - a potion of lignification
 b - a potion of ambrosia {unknown}
 d - a potion of invisibility {unknown}


   Skills:
 + Level 1.7 Fighting
 + Level 2.1 Dodging
 + Level 3.3 Unarmed Combat
 + Level 2.3 Spellcasting
 + Level 2.4 Transmutations


You had 5 spell levels left.
You knew the following spells:

 Your Spells              Type           Power      Damage    Failure   Level
a - Beastly Appendage     Tmut           16%        N/A       9%          1

Your spell library contained the following spells:

 Spells                   Type           Power      Damage    Failure   Level
 Wereblood                Tmut           8%         N/A       12%         2
 Spider Form              Tmut/Pois      5%         N/A       36%         3
 Ice Form                 Ice/Tmut       5%         N/A       78%         4


Dungeon Overview and Level Annotations

Branches:
Dungeon (2/15)

Altars:

Annotations:
D:2 Robin


Innate Abilities, Weirdness & Mutations

Your plain brown scales are hard. (AC +5)
You cannot fit into any form of body armour.
You are cold-blooded and may be slowed by cold attacks.


Message History

The endoplasm barely misses you.
You hit the endoplasm but do no damage.
A hobgoblin comes into view.
The endoplasm freezes you.
You are frozen.
You feel yourself slow down.
The hobgoblin shouts!
You hit the endoplasm but do no damage. You tail-slap the endoplasm.
The endoplasm is almost dead.
The endoplasm freezes you.
You are frozen.
You feel as though you will be slow longer.
The goblin closely misses you.
A hobgoblin comes into view.
The endoplasm barely misses you.
You barely miss the goblin.
The hobgoblin shouts!
The endoplasm hits you. The goblin hits you but does no damage.
Robin of the Strong Arm comes into view.
They are wielding a +0 spear.
Your magical contamination has completely faded away.
Found a stone staircase leading down.
Robin roars a battlecry!
The goblins go into a battle-frenzy!
The goblin barely misses you. The hobgoblin misses you. The goblin misses you.
A goblin comes into view. It is wielding a +0 dagger.
The goblin unwields a +0 dagger.
The goblin wields a +0 sling.
The goblin shoots a sling bullet.
The sling bullet misses you. The endoplasm closely misses you.
The goblin hits you with a +2 vampiric dagger.
The goblin shoots a sling bullet.
The sling bullet hits you.
* * * LOW HITPOINT WARNING * * *
The hobgoblin misses you.
A hobgoblin comes into view.
There is an open door here.
You see here a ball python corpse.
The goblin unwields a +0 sling.
The goblin wields a +0 dagger.
The goblin barely misses you. The goblin hits you with a +0 dagger.
* * * LOW HITPOINT WARNING * * *
Unknown command.
The hobgoblin attacks as you move away! The hobgoblin hits you.
You die...

.# ....## .# #.##.. # ..#
#.##.#. ## ... #.##.#. #.
######.#######...... #'
.<....#.......##.#
#g####......####....†##
.#####..##..g###.####.###...
........J##@..........# #.##
..>..♣gg.g....#.####.###.#
........g##>##.#.####.....##
.#####..###.......(.........
#.## ####.######.#.###. #+
#.# #.#.## . #.# #.#..# ...
#.##.##. ... #..<....


You could see Robin, 2 hobgoblins and 2 goblins.

Vanquished Creatures
  An adder (D:2)
  4 ball pythons
  2 endoplasms
  2 giant cockroaches (D:1)
  2 hobgoblins (D:1)
  2 jackals (D:1)
  A quokka (D:1)
  3 bats
  A frilled lizard (D:1)
  3 kobolds (D:1)
  A rat (D:1)
22 creatures vanquished.

Notes
Turn   | Place    | Note
-------+----------+-------------------------------------------
     0 | D:1      | runemasterragnar the Draconian Transmuter began the quest
                  | for the Orb.
     0 | D:1      | Reached XP level 1. HP: 16/16 MP: 3/3
   393 | D:1      | Reached XP level 2. HP: 19/23 MP: 1/5
   904 | D:1      | Found a faded altar of an unknown god.
  1147 | D:2      | Reached XP level 3. HP: 29/29 MP: 3/6
  1228 | D:2      | Noticed Robin
  1233 | D:2      | Slain by a hobgoblin

Illustrated notes

Levels and vault maps discovered:
D:1:      tarquinn_simple_flora_water_e, layout_basic,
          chequers_ecumenical_altar_twisty
D:2:      layout_loops_cross, grunt_ministairs_15, minmay_joined_circles,
          uniq_robin

Skill      XL: |  1  2 |
---------------+-------+-----
Dodging        | 2 |  2.1
Fighting       | |  1.7
Unarmed Combat | |  3.3
Spellcasting   | |  2.3
Transmutations | |  2.4

Action                   || total
-------------------------++-------
Melee: Unarmed           ||    48
       Headbutt          ||     8
       Kick              ||     4
       Short sword       ||     6
       Tailslap          ||     4
       Punch             ||     2
 Cast: Beastly Appendage ||    17
 Stab: Sleeping          ||     1
Armor: Skin              ||    28
Dodge: Dodged            ||    38

Table legend: (Time is in decaauts)
 A = Elapsed time spent in this place.
 B = Non-inter-level travel time spent in this place.
 C = Inter-level travel time spent in this place.
 D = Time resting spent in this place.
 E = Time spent auto-exploring this place.
 F = Levels seen in this place.
 G = Mean time per level.
                   A        B        C        D        E       F      G
               +--------+--------+--------+--------+--------+-----+--------+
         Total |   1230 |   1175 |     55 |      0 |   1015 |   2 |  615.0 |
       Dungeon |   1230 |   1175 |     55 |      0 |   1015 |   2 |  615.0 |
               +--------+--------+--------+--------+--------+-----+--------+

Top non-repeatable levels by time:
     D:1: 1123 daAuts
     D:2: 106 daAuts
